 Dungeon Crawl Stone Soup version 0.18-a0-1577-gf591c28 (webtiles) character file.

61 Econoterrorist the Slasher (level 3, -1/30 HPs)
             Began as a Minotaur Gladiator on Mar 18, 2016.
             Killed by nerve-wracking pain
             ... invoked by Grinder
              (10 damage)
             ... on level 3 of the Dungeon.
             The game lasted 00:04:09 (1645 turns).

Econoterrorist the Slasher (Minotaur Gladiator)     Turns: 1645, Time: 00:04:09

Health: -1/30      AC:  6    Str: 18 (19) XL:     3   Next: 83%
Magic:  2/2        EV:  8    Int:  5 (6)  God:
Gold:   106        SH:  0    Dex:  8 (10) Spells: 0 memorised, 2 levels left

rFire  . . .     SeeInvis .     a - +0 long sword
rCold  . . .     Gourm    .     k - +0 ring mail
rNeg   . . .     Faith    .     (no shield)
rPois  .         Spirit   .     c - +0 hat
rElec  .         Dismiss  .     (no cloak)
rCorr  .         Reflect  .     (no gloves)
SustAt .         Harm     .     p - +0 pair of boots
MR     .....                    (no amulet)
Stlth  ..........               (no ring)
                                (no ring)

@: confused, constricted, not resistant to hostile enchantments, extremely
unstealthy
A: retaliatory headbutt, horns 2
a: no special abilities


You were on level 3 of the Dungeon.
You were not hungry.

You visited 1 branch of the dungeon, and saw 3 of its levels.

You collected 106 gold pieces.

Inventory:

Hand Weapons
 a - a +0 long sword (weapon)
Missiles
 d - 3 throwing nets (quivered)
Armour
 c - a +0 hat (worn)
 k - a +0 ring mail (worn)
 p - a +0 pair of boots (worn)
Wands
 q - a wand of disintegration (12/24)
Scrolls
 b - a scroll of teleportation {unknown}
 g - a scroll of remove curse {unknown}
 i - a scroll of immolation {unknown}
 j - 2 scrolls of amnesia {unknown}
 n - a scroll of noise {unknown}
 o - a scroll of recharging {unknown}
 s - a scroll of magic mapping {unknown}
Potions
 l - 3 potions of degeneration
 m - a potion of flight {unknown}
 r - a potion of lignification {unknown}
 t - a potion of curing {unknown}
 u - a potion of haste {unknown}
Comestibles
 f - 4 bread rations
 h - 2 meat rations


   Skills:
 - Level 2.4 Fighting
 + Level 5.8 Long Blades
 - Level 2.0 Throwing
 - Level 3.2 Dodging


You had 2 spell levels left.
You didn't know any spells.

Dungeon Overview and Level Annotations

Branches:
Dungeon (3/15)

Altars:
Gozag

Annotations:
D:3 Grinder


Innate Abilities, Weirdness & Mutations

You reflexively headbutt those who attack you in melee.
You have a pair of horns on your head.


Message History

It was a potion of ambrosia.
You are confused.
You feel invigorated. The ball python bites you.
The ball python constricts you.
Grinder says, "DUCK!"
Grinder hits you.
You writhe in agony.
* * * LOW HITPOINT WARNING * * *
You hit Grinder.
Grinder is lightly wounded.
The ball python closely misses you. The ball python constricts you.
Grinder hits you.
* * * LOW HITPOINT WARNING * * *
You writhe in agony.
* * * LOW HITPOINT WARNING * * *
You closely miss Grinder.
Grinder is lightly wounded.
The ball python barely misses you. The ball python constricts you.
Grinder gestures at you. Pain shoots through your body!
You die...

.......# ......# .....#
...### ...#.# †#.#.# ##
.#...# ... # .#...##....
######.#.#
......+.....#...@†...#.
.###.##.......(5.S.<...#
.....#########.#########
####.........†....?... #
#.........#.#......
#...#.............#
........#....#.#....#.
.....#########.######
.....# ##.


You could see Grinder and a ball python.

Vanquished Creatures
  An adder (D:3)
  2 oozes
  2 dart slugs (D:2)
  A giant gecko (D:3)
  3 giant cockroaches
  3 goblins
  5 hobgoblins
  3 kobolds
  A quokka (D:2)
  5 bats
  4 giant newts
  8 rats
38 creatures vanquished.

Notes
Turn   | Place    | Note
--------------------------------------------------------------
     0 | D:1      | Econoterrorist the Minotaur Gladiator began the quest for the Orb.
     0 | D:1      | Reached XP level 1. HP: 18/18 MP: 0/0
    76 | D:1      | Reached skill level 4 in Long Blades
   302 | D:1      | Reached XP level 2. HP: 20/25 MP: 1/1
   951 | D:2      | Reached skill level 5 in Long Blades
  1134 | D:2      | Reached XP level 3. HP: 27/30 MP: 2/2
  1290 | D:2      | Found an opulent altar of Gozag.
  1629 | D:3      | Noticed Grinder
  1645 | D:3      | Killed from afar by Grinder

Vault maps used:
D:1:      dpeg_arrival_rooms_a, glass_columns_a, minivault_26
D:2:      lemuel_round_altar, first_bread
D:3:      wad_river_or_something, nicolae_ashenzari_panopticon,
          lemuel_coloured_pillars_altar, minmay_misc_feat_encased, uniq_grinder

Skill      XL: |  1  2 |
---------------+-------+-----
Long Blades    | 4 5 |  5.8
Fighting       | |  2.4
Throwing       | |  2.0
Dodging        | |  3.2

Action                   || total
-------------------------++-------
Melee: Long sword        ||    76
  Use: Potion            ||     2
  Eat: Chunk             ||     2
